 Dungeon Crawl Stone Soup version 0.27-a0-1273-gec92ba881d (webtiles) character file.

Game seed: 1148358198620733633

59 dickylongcocking the Magician (level 4, -1/31 HPs)
             Began as a Djinni Fire Elementalist on June 12, 2021.
             Slain by Terence
             ... wielding a +1 antimagic hand axe
              (4 damage)
             ... on level 2 of the Dungeon.
             The game lasted 00:01:17 (3045 turns).

dickylongcocking the Magician (DjFE)                Turns: 3045, Time: 00:01:18

Health: -1/31      AC:  2    Str:  7    XL:     4   Next: 22%
Gold:   96         EV: 12    Int: 17    God:
                   SH:  0    Dex: 14

rFire    + + .     SeeInvis .   b - +0 dagger
rCold    x . .     Faith    .   (no shield)
rNeg     . . .     Spirit   .   a - +0 robe
rPois    ∞         Reflect  .   (no helmet)
rElec    .         Harm     .   (no cloak)
rCorr    .         Rampage  .   (no gloves)
Will     .....                  (boots unavailable)
Stlth    ++........             (no amulet)
HPRegen  0.10/turn              (no ring)
MPRegen  0.00/turn              (no ring)

@: mighty, brilliant, attractive, flying, very slightly contaminated
A: sickness immunity, fire resistance 2, cold vulnerability 1, float, innate
caster, hp casting, extra vitality 1
a: no special abilities


You were on level 2 of the Dungeon.
You visited 1 branch of the dungeon, and saw 2 of its levels.

You collected 96 gold pieces.

Inventory:

Hand Weapons
 b - a +0 dagger (weapon)
Armour
 a - a +0 robe (worn)
Scrolls
 c - 2 scrolls of identify {unknown}
 d - a scroll of teleportation {unknown}
 e - a scroll of noise {unknown}
Potions
 f - a potion of might


   Skills:
 + Level 2.5 Dodging
 + Level 2.0 Stealth
 + Level 3.4 Spellcasting


You couldn't memorise any spells.
You knew the following spells:

 Your Spells              Type           Power      Damage    Failure   Level
a - Foxfire               Conj/Fire      84%        2x1d8     4%          1
b - Conjure Flame         Conj/Fire      21%        6-21      12%         3
c - Inner Flame           Hex/Fire       21%        N/A       12%         3
d - Sticky Flame          Conj/Fire      21%        2d4       38%         4
e - Fireball              Conj/Fire      10%        3d6       75%         5
f - Sandblast             Erth           42%        2d11      4%          1
Your spell library was empty.

Dungeon Overview and Level Annotations

Branches:
Dungeon (2/15)

Altars:

Annotations:
D:2 Terence


Innate Abilities, Weirdness & Mutations

You are immune to sickness and miasma.
You are immune to poison.
Your flesh is very heat resistant. (rF++)
You are vulnerable to cold. (rC-)
You float through the air rather than walking.
You learn spells naturally, not from books.
Your magical power is your life essence.
You have superior vitality. (+4 HP)


Message History

Found a flail.
No target in view!
You now have 96 gold pieces (gained 8).
Terence the Incautious comes into view.
He is wielding a +1 antimagic hand axe.
Terence is nearby!
Terence is nearby!
Terence shouts!
Terence hits you with a +1 antimagic hand axe.
Terence is nearby!
You conjure some foxfire!
Terence screams, "I'm going to kill you!"
Terence hits you with a +1 antimagic hand axe!
There is not enough space to conjure foxfire!
Casting: Foxfire (safe; 4% risk of failure)
Confirm with . or Enter, or press ? or * to list all spells.
Okay, then.
Casting: Foxfire (safe; 4% risk of failure)
Confirm with . or Enter, or press ? or * to list all spells.
The spell is potentially lethal to cast (38% risk of failure)!
Continue anyway?
Aiming: Sticky Flame (potentially lethal; 38% risk of failure)
Press: ? - help, Shift-Dir - straight line, f - Terence
Aim: Terence, wielding a +1 antimagic hand axe and wearing a +0 scale mail (ally target, 100% to hit)
You miscast Sticky Flame.
You are very lightly contaminated with residual magic.
You feel a strange surge of energy.
Terence hits you with a +1 antimagic hand axe!
* * * LOW HITPOINT WARNING * * *
Unknown command.
Your foxfire dissipates!
It was a potion of might.
You feel very mighty all of a sudden.
It was a potion of attraction.
You feel attractive to monsters.
Terence hits you with a +1 antimagic hand axe.
* * * LOW HITPOINT WARNING * * *
Unknown command.
It was a potion of brilliance.
You feel clever all of a sudden.
Terence hits you with a +1 antimagic hand axe.
You die...

##.# #.# ... #.#
...# #.# #..####)#
........#######
...#..........#
##.#.########.####
.................#
##.#.########.##@#
...#.# #.##@#
##.#.# #.##.#
#.#.# #.##.#
##.#.###### #.##.#
...........##.##.#
.....########.##.#
###### #.# #.#


You could see Terence.

Vanquished Creatures
  An adder (D:2)
  A worm (D:2)
  A dart slug (D:1)
  2 ball pythons
  5 bats
  6 endoplasms
  2 hobgoblins (D:1)
  4 jackals (D:1)
  A quokka (D:1)
  4 frilled lizards
  8 goblins
  2 kobolds (D:2)
  4 rats
41 creatures vanquished.

Vanquished Creatures (others)
  145 foxfires
145 creatures vanquished.

Grand Total: 186 creatures vanquished

Notes
Turn   | Place    | Note
-------+----------+-------------------------------------------
     0 | D:1      | dickylongcocking the Djinni Fire Elementalist began the
                  | quest for the Orb.
     0 | D:1      | Reached XP level 1. HP: 15/15 MP: 0/0
   526 | D:1      | Reached XP level 2. HP: 18/21 MP: 0/0
   600 | D:1      | Found a faded altar of an unknown god.
   958 | D:1      | Reached skill level 3 in Spellcasting
  1021 | D:1      | Reached XP level 3. HP: 22/25 MP: 0/0
  1021 | D:1      | Learned a level 1 spell: Sandblast
  2420 | D:2      | Reached XP level 4. HP: 17/31 MP: 0/0
  3037 | D:2      | Noticed Terence
  3045 | D:2      | Slain by Terence

Illustrated notes

Levels and vault maps discovered:
D:1:      amcnicky_arrival_gap_in_the_tavern_cellar, layout_loops_corners,
          chequers_ecumenical_altar_island, minmay_misc_feat_hallway,
          minmay_domino_2
D:2:      layout_basic, uniq_terence

Skill      XL: |  1  2  3 |
---------------+----------+-----
Spellcasting   | 3 |  3.4
Stealth        | 2 |  2.0
Dodging        | |  2.5

Action                   |  1- 3 |  4- 6 || total
-------------------------+-------+-------++-------
Melee: Dagger            |    18 |     7 ||    25
 Cast: Foxfire           |    90 |    20 ||   110
  Use: Potion            |     1 |     3 ||     4
 Stab: Sleeping          |       |     1 ||     1
Armor: Robe              |     4 |     4 ||     8
       Skin              |     2 |       ||     2
Dodge: Dodged            |    14 |    10 ||    24

Table legend: (Time is in decaauts)
 A = Elapsed time spent in this place.
 B = Non-inter-level travel time spent in this place.
 C = Inter-level travel time spent in this place.
 D = Time resting spent in this place.
 E = Time spent auto-exploring this place.
 F = Levels seen in this place.
 G = Mean time per level.
                   A        B        C        D        E       F      G
               +--------+--------+--------+--------+--------+-----+--------+
         Total |   3044 |   3019 |     25 |    230 |   2529 |   2 | 1522.0 |
       Dungeon |   3044 |   3019 |     25 |    230 |   2529 |   2 | 1522.0 |
               +--------+--------+--------+--------+--------+-----+--------+

Top non-repeatable levels by time:
     D:1: 1868 daAuts
     D:2: 1175 daAuts
